Workbook

Sheet Приложение 1
C1: Приложение 1 к решению Совета депутатов Константиновского сельского поселения Ромодановского муниципального района Республики Мордовия «О внесении изменений в решение Совета депутатов Константиновского сельского поселения Ромодановского муниципального района Республики Мордовия от 26 декабря 2023 г № 19 «О бюджете Константиновского сельского поселения Ромодановского муниципального района Республики Мордовия на 2024 год и на плановый период 2025 и 2026 годов» Приложение 2 к решению Совета депутатов Константиновского сельского поселения Ромодановского муниципального района Республики Мордовия «О бюджете Константиновского сельского поселения Ромодановского муниципального района Республики Мордовия на 2024 год и на плановый период 2025 и 2026 годов»
A6: ОБЪЕМ БЕЗВОЗМЕЗДНЫХ ПОСТУПЛЕНИЙ В БЮДЖЕТ КОНСТАНТИНОВСКОГО СЕЛЬСКОГО ПОСЕЛЕНИЯ РОМОДАНОВСКОГО МУНИЦИПАЛЬНОГО РАЙОНА РЕСПУБЛИКИ МОРДОВИЯ НА 2024 ГОД И НА ПЛАНОВЫЙ ПЕРИОД 2025 И 2026 ГОДОВ
E7: (тыс. рублей)
A8: Код | B8: Наименование | C8: Сумма
C9: 2024 год | D9: 2025 год | E9: 2026 год
A10: 1 | B10: 2 | C10: 3 | D10: 4 | E10: 5
A11: 2 00 00000 00 0000 000 | B11: БЕЗВОЗМЕЗДНЫЕ ПОСТУПЛЕНИЯ | C11: =C12 -> 1182.2 | D11: =D12 -> 835.9 | E11: =E12 -> 858.6
A12: 2 02 00000 00 0000 000 | B12: Безвозмездные поступления от других бюджетов бюджетной системы Российской Федерации | C12: =C13+C21+C26+C19 -> 1182.2 | D12: =D13+D21+D26 -> 835.9 | E12: =E13+E21+E26 -> 858.6
A13: 2 02 10000 00 0000 150 | B13: Дотации бюджетам бюджетной системы Российской Федерации | C13: =C14+C16 -> 754.3 | D13: =D14 -> 563.6 | E13: =E14 -> 572.2
A14: 2 02 15001 00 0000 150 | B14: Дотации на выравнивание бюджетной обеспеченности | C14: =C15 -> 664.3 | D14: =D15 -> 563.6 | E14: =E15 -> 572.2
A15: 2 02 15001 10 0000 150 | B15: Дотации бюджетам сельских поселений на выравнивание бюджетной обеспеченности из бюджета субъекта Российской Федерации | C15: 664.3 | D15: 563.6 | E15: 572.2
A16: 2 02 15002 00 0000 150 | B16: Датация бюджетам на поддержку мер по обеспечению сбалансированности бюджетов | C16: =C17 -> 90
A17: 2 02 15002 10 0000 150 | B17: Дотации бюджетамсельских поселений на поддержку мер по обеспечению сбалансированности бюджетов | C17: 90
A18: 2 02 20000 00 0000 150 | B18: Субсидии бюджетам бюджетной системы Российской Федерации (межбюджетные субсидии) | C18: =C19 -> 34.3
A19: 2 02 29999 00 0000 150 | B19: Прочие субсидии | C19: =C20 -> 34.3
A20: 2 02 29999 10 0000 150 | B20: Прочие субсидии бюджетам сельских поселений | C20: 34.3
A21: 2 02 30000 00 0000 150 | B21: Субвенции бюджетам бюджетной системы Российской Федерации | C21: =C22+C24 -> 132.4 | D21: =D22+D24 -> 146.1 | E21: =E22+E24 -> 160.2
A22: 2 02 30024 00 0000 150 | B22: Субвенции местным бюджетам на выполнение передаваемых полномочий субъектов Российской Федерации | C22: =C23 -> 0.3 | D22: =D23 -> 0.4 | E22: =E23 -> 0.4
A23: 2 02 30024 10 0000 150 | B23: Субвенции бюджетам сельских поселений на выполнение передаваемых полномочий субъектов Российской Федерации | C23: 0.3 | D23: 0.4 | E23: 0.4
A24: 2 02 35118 00 0000 150 | B24: Субвенции бюджетам на осуществление первичного воинского учета органами местного самоуправления поселений,муниципальных и городских округов | C24: =C25 -> 132.1 | D24: =D25 -> 145.7 | E24: =E25 -> 159.8
A25: 2 02 35118 10 0000 150 | B25: Субвенции бюджетам сельских поселений на осуществление первичного воинского учета органами местного самоуправления поселений,муниципальных и городских округов | C25: 132.1 | D25: 145.7 | E25: 159.8
A26: 2 02 40000 00 0000 150 | B26: Иные межбюджетные трансферты | C26: =C27 -> 261.2 | D26: =D27 -> 126.2 | E26: =E27 -> 126.2
A27: 2 02 40014 00 0000 150 | B27: Межбюджетные трансферты, передаваемые бюджетам муниципальных образований на осуществление части полномочий по решению вопросов местного значения в соответствии с заключенными соглашениями | C27: =C28 -> 261.2 | D27: =D28 -> 126.2 | E27: =E28 -> 126.2
A28: 2 02 40014 10 0000 150 | B28: Межбюджетные трансферты, передаваемые бюджетам сельских поселений из бюджетов муниципальных районов на осуществление части полномочий по решению вопросов местного значения в соответствии с заключенными соглашениями | C28: 261.2 | D28: 126.2 | E28: 126.2

Sheet Приложение 2
I1: Приложение 2 к решению Совета депутатов Константиновского сельского поселения Ромодановского муниципального района Республики Мордовия «О внесении изменений в решение Совета депутатов Константиновского сельского поселения Ромодановского муниципального района Республики Мордовия от 26 декабря 2023 г № 19 «О бюджете Константиновского сельского поселения Ромодановского муниципального района Республики Мордовия на 2024 год и на плановый период 2025 и 2026 годов» Приложение 3 к решению Совета депутатов Константиновского сельского поселения Ромодановского муниципального района Республики Мордовия «О бюджете Константиновского сельского поселения Ромодановского муниципального района Республики Мордовия на 2024 год и на плановый период 2025 и 2026 годов»
A2: ВЕДОМСТВЕННАЯ СТРУКТУРА РАСХОДОВ БЮДЖЕТА КОНСТАНТИНОВСКОГО СЕЛЬСКОГО ПОСЕЛЕНИЯ РОМОДАНОВСКОГО МУНИЦИПАЛЬНОГО РАЙОНА РЕСПУБЛИКИ МОРДОВИЯ НА 2024 ГОД И НА ПЛАНОВЫЙ ПЕРИОД 2025 И 2026 ГОДОВ
I3: (тыс. рублей)
A4: Наименование | B4: Адм | C4: Рз | D4: Прз | E4: Цср | I4: Вр | J4: Сумма
J5: 2024 год | K5: 2025 год | L5: 2026 год
A6: 1 | B6: 2 | C6: 3 | D6: 4 | E6: 5 | F6: 6 | G6: 7 | H6: 8 | I6: 9 | J6: 10 | K6: 11 | L6: 12
A7: Администрация Константиновского сельского поселения Ромодановского муниципального района Республики Мордовия | B7: 914 | J7: =J8+J43+J53+J60+J77+J91+J84 -> 1845.5 | K7: =K8+K43+K53+K60+K77+K91+K84 -> 1277.8 | L7: =L8+L43+L53+L60+L77+L84+L91 -> 1307.5
A8: Общегосударственные вопросы | B8: 914 | C8: 01 | J8: =J9+J15+J37+J31 -> 1293.3 | K8: =K9+K15+K37 -> 782.3 | L8: =L9+L15+L37 -> 739.2
A9: Функционирование высшего должностного лица субъекта Российской Федерации и муниципального образования | B9: 914 | C9: 01 | D9: 02 | J9: =J10 -> 522.5 | K9: =K10 -> 339.5 | L9: =L10 -> 308.6
A10: Обеспечение деятельности Администрации Константиновского сельского поселения Ромодановского муниципального района Республики Мордовия | B10: 914 | C10: 01 | D10: 02 | E10: 65 | J10: =J11 -> 522.5 | K10: =K11 -> 339.5 | L10: =L11 -> 308.6
A11: Высшее должностное лицо | B11: 914 | C11: 01 | D11: 02 | E11: 65 | F11: 1 | J11: =J12 -> 522.5 | K11: =K12 -> 339.5 | L11: =L12 -> 308.6
A12: Расходы на выплаты по оплате труда высшего должностного лица | B12: 914 | C12: 01 | D12: 02 | E12: 65 | F12: 1 | G12: 00 | H12: 41150 | J12: =J13 -> 522.5 | K12: =K13 -> 339.5 | L12: =L13 -> 308.6
A13: Расходы на выплаты персоналу в целях обеспечения выполнения функций государственными (муниципальными) органами, казенными учреждениями, органами управления государственными внебюджетными фондами | B13: 914 | C13: 01 | D13: 02 | E13: 65 | F13: 1 | G13: 00 | H13: 41150 | I13: 100 | J13: =J14 -> 522.5 | K13: =K14 -> 339.5 | L13: =L14 -> 308.6
A14: Расходы на выплаты персоналу государственных (муниципальных) органов | B14: 914 | C14: 01 | D14: 02 | E14: 65 | F14: 1 | G14: 00 | H14: 41150 | I14: 120 | J14: 522.5 | K14: 339.5 | L14: 308.6
A15: Функционирование Правительства Российской Федерации, высших исполнительных органов государственной власти субъектов Российской Федерации, местных администраций | B15: 914 | C15: 01 | D15: 04 | J15: =J16+J26 -> 750.8 | K15: =K16+K26 -> 437.8 | L15: =L16+L26 -> 425.6
A16: =A10 -> Обеспечение деятельности Администрации Константиновского сельского поселения Ромодановского муниципального района Республики Мордовия | B16: 914 | C16: 01 | D16: 04 | E16: 65 | J16: =J17 -> 750.5 | K16: =K17 -> 437.4 | L16: =L17 -> 425.2
A17: Расходы в рамках обеспечения деятельности Администрации Константиновского сельского поселения | B17: 914 | C17: 01 | D17: 04 | E17: 65 | F17: 2 | J17: =J18+J21 -> 750.5 | K17: =K21+K18 -> 437.4 | L17: =L18+L21 -> 425.2
A18: Расходы на выплаты по оплате труда работников органов местного самоуправления | B18: 914 | C18: 01 | D18: 04 | E18: 65 | F18: 2 | G18: 00 | H18: 41100 | J18: =J19 -> 366.6 | K18: =K19 -> 299 | L18: =L19 -> 299
A19: Расходы на выплаты персоналу в целях обеспечения выполнения функций государственными (муниципальными) органами, казенными учреждениями, органами управления государственными внебюджетными фондами | B19: 914 | C19: 01 | D19: 04 | E19: 65 | F19: 2 | G19: 00 | H19: 41100 | I19: 100 | J19: =J20 -> 366.6 | K19: =K20 -> 299 | L19: =L20 -> 299
A20: Расходы на выплаты персоналу государственных (муниципальных) органов | B20: 914 | C20: 01 | D20: 04 | E20: 65 | F20: 2 | G20: 00 | H20: 41100 | I20: 120 | J20: 366.6 | K20: 299 | L20: 299
A21: Расходы на обеспечение функций органов местного самоуправления | B21: 914 | C21: 01 | D21: 04 | E21: 65 | F21: 2 | G21: 00 | H21: 41120 | J21: =+J22+J24 -> 383.9 | K21: =+K22+K24 -> 138.4 | L21: =L22+L24 -> 126.2
A22: Закупка товаров, работ и услуг для обеспечения государственных (муниципальных) нужд | B22: 914 | C22: 01 | D22: 04 | E22: 65 | F22: 2 | G22: 00 | H22: 41120 | I22: 200 | J22: =J23 -> 378.9 | K22: =K23 -> 133.4 | L22: =L23 -> 121.2
A23: Иные закупки товаров, работ и услуг для обеспечения государственных (муниципальных) нужд | B23: 914 | C23: 01 | D23: 04 | E23: 65 | F23: 2 | G23: 00 | H23: 41120 | I23: 240 | J23: 378.9 | K23: 133.4 | L23: 121.2
A24: Иные бюджетные ассигнования | B24: 914 | C24: 01 | D24: 04 | E24: 65 | F24: 2 | G24: 00 | H24: 41120 | I24: 800 | J24: =J25 -> 5 | K24: =K25 -> 5 | L24: =L25 -> 5
A25: Уплата налогов, сборов и иных платежей | B25: 914 | C25: 01 | D25: 04 | E25: 65 | F25: 2 | G25: 00 | H25: 41120 | I25: 850 | J25: 5 | K25: 5 | L25: 5
A26: Непрограммные расходы главных распорядителей средств бюджетаКонстантиновского сельского поселения Ромодановского муниципального района Республики Мордовия | B26: 914 | C26: 01 | D26: 04 | E26: 89 | J26: =J27 -> 0.3 | K26: =K27 -> 0.4 | L26: =L27 -> 0.4
A27: Непрограммные расходы в рамках обеспечения деятельности главных распорядителей средств бюджетаКонстантиновского сельского поселения Ромодановского муниципального района Республики Мордовия | B27: 914 | C27: 01 | D27: 04 | E27: 89 | F27: 1 | J27: =J28 -> 0.3 | K27: =K28 -> 0.4 | L27: =L28 -> 0.4
A28: Осуществление государственных полномочий Республики Мордовия по определению перечня должностных лиц, уполномоченных составлять протоколы об административных правонарушениях, предусмотренных Законом Республики Мордовия от 15 июня 2015 года № 38-З "Об административной ответственности на территории Республики Мордовия" | B28: 914 | C28: 01 | D28: 04 | E28: 89 | F28: 1 | G28: 00 | H28: 77150 | J28: =J29 -> 0.3 | K28: =K29 -> 0.4 | L28: =L29 -> 0.4
A29: Закупка товаров, работ и услуг для обеспечения государственных (муниципальных) нужд | B29: 914 | C29: 01 | D29: 04 | E29: 89 | F29: 1 | G29: 00 | H29: 77150 | I29: 200 | J29: =J30 -> 0.3 | K29: =K30 -> 0.4 | L29: =L30 -> 0.4
A30: Иные закупки товаров, работ и услуг для обеспечения государственных (муниципальных) нужд | B30: 914 | C30: 01 | D30: 04 | E30: 89 | F30: 1 | G30: 00 | H30: 77150 | I30: 240 | J30: 0.3 | K30: 0.4 | L30: 0.4
A31: Обеспечение проведения выборов и референдумов | B31: 914 | C31: 01 | D31: 07 | J31: =J32 -> 15
A32: =A26 -> Непрограммные расходы главных распорядителей средств бюджетаКонстантиновского сельского поселения Ромодановского муниципального района Республики Мордовия | B32: 914 | C32: 01 | D32: 07 | E32: 89 | J32: =J33 -> 15
A33: =A27 -> Непрограммные расходы в рамках обеспечения деятельности главных распорядителей средств бюджетаКонстантиновского сельского поселения Ромодановского муниципального района Республики Мордовия | B33: 914 | C33: 01 | D33: 07 | E33: 89 | F33: 1 | J33: =J34 -> 15
A34: Проведение выборов депутатов Константиновского сельского поселения Ромодановского муниципального района Республики Мордовия | B34: 914 | C34: 01 | D34: 07 | E34: 89 | F34: 1 | G34: 00 | H34: 41130 | J34: =J35 -> 15
A35: Иные бюджетные ассигнования | B35: 914 | C35: 01 | D35: 07 | E35: 89 | F35: 1 | G35: 00 | H35: 41130 | I35: 800 | J35: =J36 -> 15
A36: Специальные расхода | B36: 914 | C36: 01 | D36: 07 | E36: 89 | F36: 1 | G36: 00 | H36: 41130 | I36: 880 | J36: 15
A37: Резервные фонды | B37: 914 | C37: 01 | D37: 11 | J37: =J38 -> 5 | K37: =K38 -> 5 | L37: =L38 -> 5
A38: Непрограммные расходы главных распорядителей средств бюджета Константиновского сельского поселения Ромодановского муниципального района Республики Мордовия | B38: 914 | C38: 01 | D38: 11 | E38: 89 | J38: =J39 -> 5 | K38: =K39 -> 5 | L38: =L39 -> 5
A39: Непрограммные расходы в рамках обеспечения деятельности главных распорядителей средств бюджета Константиновского сельского поселения Ромодановского муниципального района Республики Мордовия | B39: 914 | C39: 01 | D39: 11 | E39: 89 | F39: 1 | J39: =J40 -> 5 | K39: =K40 -> 5 | L39: =L40 -> 5
A40: Резервный фонд администрации Константиновского сельского поселения Ромодановского муниципального района Республики Мордовия | B40: 914 | C40: 01 | D40: 11 | E40: 89 | F40: 1 | G40: 00 | H40: 41180 | J40: =J42 -> 5 | K40: =K42 -> 5 | L40: =L41 -> 5
A41: Иные бюджетные ассигнования | B41: 914 | C41: 01 | D41: 11 | E41: 89 | F41: 1 | G41: 00 | H41: 41180 | I41: 800 | J41: =J42 -> 5 | K41: =K42 -> 5 | L41: =L42 -> 5
A42: Резервные средства | B42: 914 | C42: 01 | D42: 11 | E42: 89 | F42: 1 | G42: 00 | H42: 41180 | I42: 870 | J42: 5 | K42: 5 | L42: 5
A43: Национальная оборона | B43: 914 | C43: 02 | J43: =J44 -> 132.1 | K43: =K44 -> 145.7 | L43: =L44 -> 159.8
A44: Мобилизационная и вневойсковая подготовка | B44: 914 | C44: 02 | D44: 03 | J44: =J45 -> 132.1 | K44: =K45 -> 145.7 | L44: =L45 -> 159.8
A45: Государственная программа повышения эффективности управления государственными финансами в Республики Мордовия | B45: 914 | C45: 02 | D45: 03 | E45: 17 | J45: =J46 -> 132.1 | K45: =K46 -> 145.7 | L45: =L46 -> 159.8
A46: Подпрограмма "Повышения эффективности межбюджетных отношений" | B46: 914 | C46: 02 | D46: 03 | E46: 17 | F46: 3 | J46: =J47 -> 132.1 | K46: =K47 -> 145.7 | L46: =L47 -> 159.8
A47: Основное мероприятие "Обеспечение и осуществления органами местного самоуправления отдельных государственных полномочий" | B47: 914 | C47: 02 | D47: 03 | E47: 17 | F47: 3 | G47: 02 | J47: =J48 -> 132.1 | K47: =K48 -> 145.7 | L47: =L48 -> 159.8
A48: Осуществление государственных полномочий Российской Федерации по воинскому учету в поселениях, на территориях которых отсутствуют структурные подразделения военных комиссариатов | B48: 914 | C48: 02 | D48: 03 | E48: 17 | F48: 3 | G48: 02 | H48: 51180 | J48: =J51+J49 -> 132.1 | K48: =K51+K49 -> 145.7 | L48: =L49+L51 -> 159.8
A49: Расходы на выплаты персоналу в целях обеспечения выполнения функций государственными (муниципальными) органами, казенными учреждениями, органами управления государственными внебюджетными фондами | B49: 914 | C49: 02 | D49: 03 | E49: 17 | F49: 3 | G49: 02 | H49: 51180 | I49: 100 | J49: =J50 -> 127.1 | K49: =K50 -> 140.7 | L49: =L50 -> 154.8
A50: Расходы на выплаты персоналу государственных (муниципальных) органов | B50: 914 | C50: 02 | D50: 03 | E50: 17 | F50: 3 | G50: 02 | H50: 51180 | I50: 120 | J50: 127.1 | K50: 140.7 | L50: 154.8
A51: Закупка товаров, работ и услуг для обеспечения государственных (муниципальных) нужд | B51: 914 | C51: 02 | D51: 03 | E51: 17 | F51: 3 | G51: 02 | H51: 51180 | I51: 200 | J51: =J52 -> 5 | K51: =K52 -> 5 | L51: =L52 -> 5
A52: Иные закупки товаров, работ и услуг для обеспечения государственных (муниципальных) нужд | B52: 914 | C52: 02 | D52: 03 | E52: 17 | F52: 3 | G52: 02 | H52: 51180 | I52: 240 | J52: 5 | K52: 5 | L52: 5
A53: Национальная экономика | B53: 914 | C53: 04 | J53: =J54 -> 261.2 | K53: =K54 -> 126.2 | L53: =L54 -> 126.2
A54: Дорожное хозяйство (дорожные фонды) | B54: 914 | C54: 04 | D54: 09 | J54: =J55 -> 261.2 | K54: =K55 -> 126.2 | L54: =L55 -> 126.2
A55: Муниципальная программа «Комплексного развития транспортной инфраструктуры Константиновского сельского поселения Ромодановского муниципального района Республики Мордовия на 2017- 2027 года" | B55: 914 | C55: 04 | D55: 09 | E55: 13 | J55: =J57 -> 261.2 | K55: =K57 -> 126.2 | L55: =L56 -> 126.2
A56: Основное мероприятие "Ремонт и содержание дорог в границах поселения, поддержание дорожного полотна в работоспособном состоянии" | B56: 914 | C56: 04 | D56: 09 | E56: 13 | F56: 0 | G56: 01 | J56: =J57 -> 261.2 | K56: =K57 -> 126.2 | L56: =L57 -> 126.2
A57: Иные межбюджетные трансферты на осуществление полномочий по дорожной деятельности в отношении автомобильных дорог местного значения в границах населенных пунктов поселения и обеспечению безопасности дорожного движения на них, включая создание и обеспечение функционирования парковок (парковочных мест), осуществлению муниципального контроля на автомобильном транспорте, городском наземном электрическом транспорте и в дорожном хозяйстве в границах населенных пунктов поселения, организации дорожного движения, а также осуществлению иных полномочий в области использования автомобильных дорог и осуществления дорожной деятельности в соответствии с законодательством Российской Федерации | B57: 914 | C57: 04 | D57: 09 | E57: 13 | F57: 0 | G57: 01 | H57: 44102 | J57: =J58 -> 261.2 | K57: =K58 -> 126.2 | L57: =L58 -> 126.2
A58: Закупка товаров, работ и услуг для обеспечения государственных (муниципальных) нужд | B58: 914 | C58: 04 | D58: 09 | E58: 13 | F58: 0 | G58: 01 | H58: 44102 | I58: 200 | J58: =J59 -> 261.2 | K58: =K59 -> 126.2 | L58: =L59 -> 126.2
A59: Иные закупки товаров, работ и услуг для обеспечения государственных (муниципальных) нужд | B59: 914 | C59: 04 | D59: 09 | E59: 13 | F59: 0 | G59: 01 | H59: 44102 | I59: 240 | J59: 261.2 | K59: 126.2 | L59: 126.2
A60: Жилищно-коммунальное хозяйство | B60: 914 | C60: 05 | J60: =J67+J61 -> 112.8 | K60: =K67 -> 150 | L60: =L67 -> 177.8
A61: Коммунальное хозяйства | B61: 914 | C61: 05 | D61: 02 | J61: =J63 -> 36
A62: =A38 -> Непрограммные расходы главных распорядителей средств бюджета Константиновского сельского поселения Ромодановского муниципального района Республики Мордовия | B62: 914 | C62: 05 | D62: 02 | E62: 89 | J62: =J63 -> 36
A63: =A39 -> Непрограммные расходы в рамках обеспечения деятельности главных распорядителей средств бюджета Константиновского сельского поселения Ромодановского муниципального района Республики Мордовия | B63: 914 | C63: 05 | D63: 02 | E63: 89 | F63: 1 | J63: =J64 -> 36
A64: Оформление прав собственности на бесхозяйные объекты инженерной инфраструктуры | B64: 914 | C64: 05 | D64: 02 | E64: 89 | F64: 1 | G64: 00 | H64: S6140 | J64: =J65 -> 36
A65: =A58 -> Закупка товаров, работ и услуг для обеспечения государственных (муниципальных) нужд | B65: 914 | C65: 05 | D65: 02 | E65: 89 | F65: 1 | G65: 00 | H65: S6140 | I65: 200 | J65: =J66 -> 36
A66: =A59 -> Иные закупки товаров, работ и услуг для обеспечения государственных (муниципальных) нужд | B66: 914 | C66: 05 | D66: 02 | E66: 89 | F66: 1 | G66: 00 | H66: S6140 | I66: 240 | J66: 36
A67: Благоустройство | B67: 914 | C67: 05 | D67: 03 | J67: =J68 -> 76.8 | K67: =K68 -> 150 | L67: =L68 -> 177.8
A68: Муниципальная программа "Комплексного развития социальной инфраструктуры Константиновского сельского поселения Ромодановского муниципального района Республики Мордовия на 2018-2030 года" | B68: 914 | C68: 05 | D68: 03 | E68: 10 | J68: =J69+J74 -> 76.8 | K68: =K69+K73 -> 150 | L68: =L69+L73 -> 177.8
A69: Основное мероприятие "Благоустройство территории" | B69: 914 | C69: 05 | D69: 03 | E69: 10 | F69: 0 | G69: 07 | J69: =J70 -> 76.8 | K69: =K70 -> 100 | L69: =L70 -> 127.8
A70: Прочие мероприятия по благоустройству | B70: 914 | C70: 05 | D70: 03 | E70: 10 | F70: 0 | G70: 07 | H70: 43040 | J70: =J71 -> 76.8 | K70: =K71 -> 100 | L70: =L71 -> 127.8
A71: Закупка товаров, работ и услуг для обеспечения государственных (муниципальных) нужд | B71: 914 | C71: 05 | D71: 03 | E71: 10 | F71: 0 | G71: 07 | H71: 43040 | I71: 200 | J71: =J72 -> 76.8 | K71: =K72 -> 100 | L71: =L72 -> 127.8
A72: Иные закупки товаров, работ и услуг для обеспечения государственных (муниципальных) нужд | B72: 914 | C72: 05 | D72: 03 | E72: 10 | F72: 0 | G72: 07 | H72: 43040 | I72: 240 | J72: 76.8 | K72: 100 | L72: 127.8
A73: Основное мероприятие "Освещение территории сельского поселения" | B73: 914 | C73: 05 | D73: 03 | E73: 10 | F73: 0 | G73: 08 | J73: =J74 -> 0 | K73: =K74 -> 50 | L73: =L74 -> 50
A74: Уличное освещение | B74: 914 | C74: 05 | D74: 03 | E74: 10 | F74: 0 | G74: 08 | H74: 43010 | J74: =J75 -> 0 | K74: =K75 -> 50 | L74: =L75 -> 50
A75: Закупка товаров, работ и услуг для обеспечения государственных (муниципальных) нужд | B75: 914 | C75: 05 | D75: 03 | E75: 10 | F75: 0 | G75: 08 | H75: 43010 | I75: 200 | J75: =J76 -> 0 | K75: =K76 -> 50 | L75: =L76 -> 50
A76: Иные закупки товаров, работ и услуг для обеспечения государственных (муниципальных) нужд | B76: 914 | C76: 05 | D76: 03 | E76: 10 | F76: 0 | G76: 08 | H76: 43010 | I76: 240 | J76: 0 | K76: 50 | L76: 50
A77: Социальная политика | B77: 914 | C77: 10 | J77: =J78 -> 44.9 | K77: =K78 -> 42.9 | L77: =L78 -> 42.9
A78: Пенсионное обеспечение | B78: 914 | C78: 10 | D78: 01 | J78: =J79 -> 44.9 | K78: =K79 -> 42.9 | L78: =L79 -> 42.9
A79: Непрограммные расходы главных распорядителей средств бюджета Константиновского сельского поселения Ромодановского муниципального района Республики Мордовия | B79: 914 | C79: 10 | D79: 01 | E79: 89 | J79: =J80 -> 44.9 | K79: =K80 -> 42.9 | L79: =L80 -> 42.9
A80: Непрограммные расходы в рамках обеспечения деятельности главных распорядителей средств бюджета Константиновского сельского поселения Ромодановского муниципального района Республики Мордовия | B80: 914 | C80: 10 | D80: 01 | E80: 89 | F80: 1 | J80: =J81 -> 44.9 | K80: =K81 -> 42.9 | L80: =L81 -> 42.9
A81: Доплаты к пенсиям муниципальных служащих Республики Мордовия | B81: 914 | C81: 10 | D81: 01 | E81: 89 | F81: 1 | G81: 00 | H81: 03010 | J81: =J82 -> 44.9 | K81: =K82 -> 42.9 | L81: =L82 -> 42.9
A82: Социальное обеспечение и иные выплаты населению | B82: 914 | C82: 10 | D82: 01 | E82: 89 | F82: 1 | G82: 00 | H82: 03010 | I82: 300 | J82: =J83 -> 44.9 | K82: =K83 -> 42.9 | L82: =L83 -> 42.9
A83: Публичные нормативные социальные выплаты гражданам | B83: 914 | C83: 10 | D83: 01 | E83: 89 | F83: 1 | G83: 00 | H83: 03010 | I83: 310 | J83: 44.9 | K83: 42.9 | L83: 42.9
A84: Обслуживание государственного (муниципального)долга | B84: 914 | C84: 13 | J84: =J85 -> 1.2 | K84: =K85 -> 1.2 | L84: =L85 -> 1.2
A85: Обслуживание государственного (муниципального) внутреннего долга | B85: 914 | C85: 13 | D85: 01 | J85: =J86 -> 1.2 | K85: =K86 -> 1.2 | L85: =L86 -> 1.2
A86: =A79 -> Непрограммные расходы главных распорядителей средств бюджета Константиновского сельского поселения Ромодановского муниципального района Республики Мордовия | B86: 914 | C86: 13 | D86: 01 | E86: 89 | J86: =J87 -> 1.2 | K86: =K87 -> 1.2 | L86: =L87 -> 1.2
A87: =A80 -> Непрограммные расходы в рамках обеспечения деятельности главных распорядителей средств бюджета Константиновского сельского поселения Ромодановского муниципального района Республики Мордовия | B87: 914 | C87: 13 | D87: 01 | E87: 89 | F87: 1 | J87: =J88 -> 1.2 | K87: =K88 -> 1.2 | L87: =L88 -> 1.2
A88: Процентные платежи по муниципальному долгу | B88: 914 | C88: 13 | D88: 01 | E88: 89 | F88: 1 | G88: 00 | H88: 41240 | J88: =J89 -> 1.2 | K88: =K89 -> 1.2 | L88: =L89 -> 1.2
A89: Обслуживание государственного (муниципального) долга | B89: 914 | C89: 13 | D89: 01 | E89: 89 | F89: 1 | G89: 00 | H89: 41240 | I89: 700 | J89: =J90 -> 1.2 | K89: =K90 -> 1.2 | L89: =L90 -> 1.2
A90: Обслуживание муниципального долга | B90: 914 | C90: 13 | D90: 01 | E90: 89 | F90: 1 | G90: 00 | H90: 41240 | I90: 730 | J90: 1.2 | K90: 1.2 | L90: 1.2
A91: Условно утвержденные расходы | B91: 914 | C91: 99 | J91: =J92 -> 0 | K91: =K92 -> 29.5 | L91: =L92 -> 60.4
A92: Условно утвержденные расходы | B92: 914 | C92: 99 | D92: 99 | J92: =J93 -> 0 | K92: =K93 -> 29.5 | L92: =L93 -> 60.4
A93: =A10 -> Обеспечение деятельности Администрации Константиновского сельского поселения Ромодановского муниципального района Республики Мордовия | B93: 914 | C93: 99 | D93: 99 | E93: 65 | J93: =J94 -> 0 | K93: =K94 -> 29.5 | L93: =L94 -> 60.4
A94: Высшее должностное лицо | B94: 914 | C94: 99 | D94: 99 | E94: 65 | F94: 1 | J94: =J95 -> 0 | K94: =K95 -> 29.5 | L94: =L95 -> 60.4
A95: Условно утвержденные расходы | B95: 914 | C95: 99 | D95: 99 | E95: 65 | F95: 1 | G95: 00 | H95: 41990 | J95: =J96 -> 0 | K95: =K96 -> 29.5 | L95: =L96 -> 60.4
A96: Иные бюджетные ассигнования | B96: 914 | C96: 99 | D96: 99 | E96: 65 | F96: 1 | G96: 00 | H96: 41990 | I96: 800 | J96: =J97 -> 0 | K96: =K97 -> 29.5 | L96: =L97 -> 60.4
A97: Резервные средства | B97: 914 | C97: 99 | D97: 99 | E97: 65 | F97: 1 | G97: 00 | H97: 41900 | I97: 870 | J97: 0 | K97: 29.5 | L97: 60.4

Sheet Приложение 3
H1: Приложение 3 к решению Совета депутатов Константиновского сельского поселения Ромодановского муниципального района Республики Мордовия «О внесении изменений в решение Совета депутатов Константиновского сельского поселения Ромодановского муниципального района Республики Мордовия от 26 декабря 2023 г № 19 «О бюджете Константиновского сельского поселения Ромодановского муниципального района Республики Мордовия на 2024 год и на плановый период 2025 и 2026 годов» Приложение 4 к решению Совета депутатов Константиновского сельского поселения Ромодановского муниципального района Республики Мордовия «О бюджете Константиновского сельского поселения Ромодановского муниципального района Республики Мордовия на 2024 год и на плановый период 2025 и 2026 годов»
A2: РАСПРЕДЕЛЕНИЕ БЮДЖЕТНЫХ АССИГНОВАНИЙ БЮДЖЕТА КОНСТАНТИНОВСКОГО СЕЛЬСКОГО ПОСЕЛЕНИЯ РОМОДАНОВСКОГО МУНИЦИПАЛЬНОГО РАЙОНА РЕСПУБЛИКИ МОРДОВИЯ ПО РАЗДЕЛАМ, ПОДРАЗДЕЛАМ, ЦЕЛЕВЫМ СТАТЬЯМ (МУНИЦИПАЛЬНЫМ ПРОГРАММАМ И НЕПРОГРАММНЫМ НАПРАВЛЕНИЯМ ДЕЯТЕЛЬНОСТИ), ГРУППАМ И ПОДГРУППАМ ВИДОВ РАСХОДОВ КЛАССИФИКАЦИИ РАСХОДОВ БЮДЖЕТОВ НА 2024 ГОД И НА ПЛАНОВЫЙ ПЕРИОД 2025 И 2026 ГОДОВ
H3: (тыс. рублей)
A4: Наименование | B4: Рз | C4: Прз | D4: Цср | H4: Вр | I4: Сумма
I5: 2024 год | J5: 2025 год | K5: 2026 год
A6: ВСЕГО | B6: 2 | C6: 3 | D6: 4 | E6: 5 | F6: 6 | G6: 7 | H6: 8 | I6: 9 | J6: 10 | K6: 11
A7: Администрация Константиновского сельского поселения Ромодановского муниципального района Республики Мордовия | I7: =I8+I43+I53+I60+I77+I84 -> 1845.5 | J7: =J8+J43+J53+J60+J77+J91+J84 -> 1277.8 | K7: =K8+K43+K53+K60+K77+K91+K84 -> 1307.5
A8: Общегосударственные вопросы | B8: 01 | I8: =I9+I15+I37+I31 -> 1293.3 | J8: =J9+J15+J37 -> 782.3 | K8: =K9+K15+K37 -> 739.2
A9: Функционирование высшего должностного лица субъекта Российской Федерации и муниципального образования | B9: 01 | C9: 02 | I9: =I10 -> 522.5 | J9: =J10 -> 339.5 | K9: =K10 -> 308.6
A10: ='Приложение 2'!A10 -> Обеспечение деятельности Администрации Константиновского сельского поселения Ромодановского муниципального района Республики Мордовия | B10: 01 | C10: 02 | D10: 65 | I10: =I11 -> 522.5 | J10: =J11 -> 339.5 | K10: =K11 -> 308.6
A11: Высшее должностное лицо | B11: 01 | C11: 02 | D11: 65 | E11: 1 | I11: =I12 -> 522.5 | J11: =J12 -> 339.5 | K11: =K12 -> 308.6
A12: Расходы на выплаты по оплате труда высшего должностного лица | B12: 01 | C12: 02 | D12: 65 | E12: 1 | F12: 00 | G12: 41150 | I12: =I13 -> 522.5 | J12: =J13 -> 339.5 | K12: =K13 -> 308.6
A13: Расходы на выплаты персоналу в целях обеспечения выполнения функций государственными (муниципальными) органами, казенными учреждениями, органами управления государственными внебюджетными фондами | B13: 01 | C13: 02 | D13: 65 | E13: 1 | F13: 00 | G13: 41150 | H13: 100 | I13: =I14 -> 522.5 | J13: =J14 -> 339.5 | K13: =K14 -> 308.6
A14: Расходы на выплаты персоналу государственных (муниципальных) органов | B14: 01 | C14: 02 | D14: 65 | E14: 1 | F14: 00 | G14: 41150 | H14: 120 | I14: ='Приложение 2'!J14 -> 522.5 | J14: ='Приложение 2'!K14 -> 339.5 | K14: ='Приложение 2'!L12 -> 308.6
A15: ='Приложение 2'!A15 -> Функционирование Правительства Российской Федерации, высших исполнительных органов государственной власти субъектов Российской Федерации, местных администраций | B15: 01 | C15: 04 | I15: =I16+I26 -> 750.8 | J15: =J16+J26 -> 437.8 | K15: =K16+K26 -> 425.6
A16: ='Приложение 2'!A16 -> Обеспечение деятельности Администрации Константиновского сельского поселения Ромодановского муниципального района Республики Мордовия | B16: 01 | C16: 04 | D16: 65 | I16: =I17 -> 750.5 | J16: =J17 -> 437.4 | K16: =K17 -> 425.2
A17: ='Приложение 2'!A17 -> Расходы в рамках обеспечения деятельности Администрации Константиновского сельского поселения | B17: 01 | C17: 04 | D17: 65 | E17: 2 | I17: =I18+I21 -> 750.5 | J17: =J21+J18 -> 437.4 | K17: =K21+K18 -> 425.2
A18: ='Приложение 2'!A18 -> Расходы на выплаты по оплате труда работников органов местного самоуправления | B18: 01 | C18: 04 | D18: 65 | E18: 2 | F18: 00 | G18: 41100 | I18: =I19 -> 366.6 | J18: =J19 -> 299 | K18: =K19 -> 299
A19: ='Приложение 2'!A19 -> Расходы на выплаты персоналу в целях обеспечения выполнения функций государственными (муниципальными) органами, казенными учреждениями, органами управления государственными внебюджетными фондами | B19: 01 | C19: 04 | D19: 65 | E19: 2 | F19: 00 | G19: 41100 | H19: 100 | I19: =I20 -> 366.6 | J19: =J20 -> 299 | K19: =K20 -> 299
A20: ='Приложение 2'!A20 -> Расходы на выплаты персоналу государственных (муниципальных) органов | B20: 01 | C20: 04 | D20: 65 | E20: 2 | F20: 00 | G20: 41100 | H20: 120 | I20: ='Приложение 2'!J20 -> 366.6 | J20: ='Приложение 2'!K20 -> 299 | K20: ='Приложение 2'!L20 -> 299
A21: Расходы на обеспечение функций органов местного самоуправления | B21: 01 | C21: 04 | D21: 65 | E21: 2 | F21: 00 | G21: 41120 | I21: =+I22+I24 -> 383.9 | J21: =J22+J24 -> 138.4 | K21: =+K22+K24 -> 126.2
A22: Закупка товаров, работ и услуг для обеспечения государственных (муниципальных) нужд | B22: 01 | C22: 04 | D22: 65 | E22: 2 | F22: 00 | G22: 41120 | H22: 200 | I22: =I23 -> 378.9 | J22: =J23 -> 133.4 | K22: =K23 -> 121.2
A23: Иные закупки товаров, работ и услуг для обеспечения государственных (муниципальных) нужд | B23: 01 | C23: 04 | D23: 65 | E23: 2 | F23: 00 | G23: 41120 | H23: 240 | I23: ='Приложение 2'!J23 -> 378.9 | J23: ='Приложение 2'!K23 -> 133.4 | K23: ='Приложение 2'!L23 -> 121.2
A24: Иные бюджетные ассигнования | B24: 01 | C24: 04 | D24: 65 | E24: 2 | F24: 00 | G24: 41120 | H24: 800 | I24: =I25 -> 5 | J24: =J25 -> 5 | K24: =K25 -> 5
A25: Уплата налогов, сборов и иных платежей | B25: 01 | C25: 04 | D25: 65 | E25: 2 | F25: 00 | G25: 41120 | H25: 850 | I25: ='Приложение 2'!J25 -> 5 | J25: ='Приложение 2'!K25 -> 5 | K25: ='Приложение 2'!L25 -> 5
A26: Непрограммные расходы главных распорядителей средств бюджета Константиновского сельского поселения Ромодановского муниципального района Республики Мордовия | B26: 01 | C26: 04 | D26: 89 | I26: =I27 -> 0.3 | J26: =J27 -> 0.4 | K26: =K27 -> 0.4
A27: Непрограммные расходы в рамках обеспечения деятельности главных распорядителей средств бюджета Константиновского сельского поселения Ромодановского муниципального района Республики Мордовия | B27: 01 | C27: 04 | D27: 89 | E27: 1 | I27: =I28 -> 0.3 | J27: =J28 -> 0.4 | K27: =K28 -> 0.4
A28: Осуществление государственных полномочий Республики Мордовия по определению перечня должностных лиц, уполномоченных составлять протоколы об административных правонарушениях, предусмотренных Законом Республики Мордовия от 15 июня 2015 года № 38-З "Об административной ответственности на территории Республики Мордовия" | B28: 01 | C28: 04 | D28: 89 | E28: 1 | F28: 00 | G28: 77150 | I28: =I29 -> 0.3 | J28: =J29 -> 0.4 | K28: =K29 -> 0.4
A29: Закупка товаров, работ и услуг для обеспечения государственных (муниципальных) нужд | B29: 01 | C29: 04 | D29: 89 | E29: 1 | F29: 00 | G29: 77150 | H29: 200 | I29: =I30 -> 0.3 | J29: =J30 -> 0.4 | K29: =K30 -> 0.4
A30: Иные закупки товаров, работ и услуг для обеспечения государственных (муниципальных) нужд | B30: 01 | C30: 04 | D30: 89 | E30: 1 | F30: 00 | G30: 77150 | H30: 240 | I30: ='Приложение 2'!J30 -> 0.3 | J30: ='Приложение 2'!K30 -> 0.4 | K30: ='Приложение 2'!L30 -> 0.4
A31: ='Приложение 2'!A31 -> Обеспечение проведения выборов и референдумов | B31: 01 | C31: 07 | I31: =I32 -> 15
A32: ='Приложение 2'!A32 -> Непрограммные расходы главных распорядителей средств бюджетаКонстантиновского сельского поселения Ромодановского муниципального района Республики Мордовия | B32: 01 | C32: 07 | D32: 89 | I32: =I33 -> 15
A33: ='Приложение 2'!A33 -> Непрограммные расходы в рамках обеспечения деятельности главных распорядителей средств бюджетаКонстантиновского сельского поселения Ромодановского муниципального района Республики Мордовия | B33: 01 | C33: 07 | D33: 89 | E33: 1 | I33: =I34 -> 15
A34: ='Приложение 2'!A34 -> Проведение выборов депутатов Константиновского сельского поселения Ромодановского муниципального района Республики Мордовия | B34: 01 | C34: 07 | D34: 89 | E34: 1 | F34: 00 | G34: 41130 | I34: =I35 -> 15
A35: ='Приложение 2'!A35 -> Иные бюджетные ассигнования | B35: 01 | C35: 07 | D35: 89 | E35: 1 | F35: 00 | G35: 41130 | H35: 800 | I35: =I36 -> 15
A36: ='Приложение 2'!A36 -> Специальные расхода | B36: 01 | C36: 07 | D36: 89 | E36: 1 | F36: 00 | G36: 41130 | H36: 880 | I36: ='Приложение 2'!J36 -> 15
A37: Резервные фонды | B37: 01 | C37: 11 | I37: =I38 -> 5 | J37: =J38 -> 5 | K37: =K38 -> 5
A38: Непрограммные расходы главных распорядителей средств бюджета Константиновского сельского поселения Ромодановского муниципального района Республики Мордовия | B38: 01 | C38: 11 | D38: 89 | I38: =I39 -> 5 | J38: =J39 -> 5 | K38: =K39 -> 5
A39: Непрограммные расходы в рамках обеспечения деятельности главных распорядителей средств бюджета Константиновского сельского поселения Ромодановского муниципального района Республики Мордовия | B39: 01 | C39: 11 | D39: 89 | E39: 1 | I39: =I40 -> 5 | J39: =J40 -> 5 | K39: =K40 -> 5
A40: ='Приложение 2'!A40 -> Резервный фонд администрации Константиновского сельского поселения Ромодановского муниципального района Республики Мордовия | B40: 01 | C40: 11 | D40: 89 | E40: 1 | F40: 00 | G40: 41180 | I40: =I42 -> 5 | J40: =J42 -> 5 | K40: =K42 -> 5
A41: Иные бюджетные ассигнования | B41: 01 | C41: 11 | D41: 89 | E41: 1 | F41: 00 | G41: 41180 | H41: 800 | I41: =I42 -> 5 | J41: =J42 -> 5 | K41: =K42 -> 5
A42: Резервные средства | B42: 01 | C42: 11 | D42: 89 | E42: 1 | F42: 00 | G42: 41180 | H42: 870 | I42: ='Приложение 2'!J42 -> 5 | J42: ='Приложение 2'!K42 -> 5 | K42: ='Приложение 2'!L42 -> 5
A43: Национальная оборона | B43: 02 | I43: =I44 -> 132.1 | J43: =J44 -> 145.7 | K43: =K44 -> 159.8
A44: Мобилизационная и вневойсковая подготовка | B44: 02 | C44: 03 | I44: =I45 -> 132.1 | J44: =J45 -> 145.7 | K44: =K45 -> 159.8
A45: ='Приложение 2'!A45 -> Государственная программа повышения эффективности управления государственными финансами в Республики Мордовия | B45: 02 | C45: 03 | D45: 17 | I45: =I46 -> 132.1 | J45: =J46 -> 145.7 | K45: =K46 -> 159.8
A46: Подпрограмма "Повышения эффективности межбюджетных отношений" | B46: 02 | C46: 03 | D46: 17 | E46: 3 | I46: =I47 -> 132.1 | J46: =J47 -> 145.7 | K46: =K47 -> 159.8
A47: ='Приложение 2'!A47 -> Основное мероприятие "Обеспечение и осуществления органами местного самоуправления отдельных государственных полномочий" | B47: 02 | C47: 03 | D47: 17 | E47: 3 | F47: 02 | I47: =I48 -> 132.1 | J47: =J48 -> 145.7 | K47: =K48 -> 159.8
A48: ='Приложение 2'!A48 -> Осуществление государственных полномочий Российской Федерации по воинскому учету в поселениях, на территориях которых отсутствуют структурные подразделения военных комиссариатов | B48: 02 | C48: 03 | D48: 17 | E48: 3 | F48: 02 | G48: 51180 | I48: =I51+I49 -> 132.1 | J48: =J51+J49 -> 145.7 | K48: =K51+K49 -> 159.8
A49: Расходы на выплаты персоналу в целях обеспечения выполнения функций государственными (муниципальными) органами, казенными учреждениями, органами управления государственными внебюджетными фондами | B49: 02 | C49: 03 | D49: 17 | E49: 3 | F49: 02 | G49: 51180 | H49: 100 | I49: =I50 -> 127.1 | J49: =J50 -> 140.7 | K49: =K50 -> 154.8
A50: Расходы на выплаты персоналу государственных (муниципальных) органов | B50: 02 | C50: 03 | D50: 17 | E50: 3 | F50: 02 | G50: 51180 | H50: 120 | I50: ='Приложение 2'!J50 -> 127.1 | J50: ='Приложение 2'!K50 -> 140.7 | K50: ='Приложение 2'!L50 -> 154.8
A51: Закупка товаров, работ и услуг для обеспечения государственных (муниципальных) нужд | B51: 02 | C51: 03 | D51: 17 | E51: 3 | F51: 02 | G51: 51180 | H51: 200 | I51: =I52 -> 5 | J51: =J52 -> 5 | K51: =K52 -> 5
A52: Иные закупки товаров, работ и услуг для обеспечения государственных (муниципальных) нужд | B52: 02 | C52: 03 | D52: 17 | E52: 3 | F52: 02 | G52: 51180 | H52: 240 | I52: ='Приложение 2'!J52 -> 5 | J52: ='Приложение 2'!K52 -> 5 | K52: ='Приложение 2'!L52 -> 5
A53: Национальная экономика | B53: 04 | I53: =I54 -> 261.2 | J53: =J54 -> 126.2 | K53: =K54 -> 126.2
A54: Дорожное хозяйство (дорожные фонды) | B54: 04 | C54: 09 | I54: =I55 -> 261.2 | J54: =J55 -> 126.2 | K54: =K55 -> 126.2
A55: ='Приложение 2'!A55 -> Муниципальная программа «Комплексного развития транспортной инфраструктуры Константиновского сельского поселения Ромодановского муниципального района Республики Мордовия на 2017- 2027 года" | B55: 04 | C55: 09 | D55: 13 | I55: =I56 -> 261.2 | J55: =J56 -> 126.2 | K55: =K56 -> 126.2
A56: ='Приложение 2'!A56 -> Основное мероприятие "Ремонт и содержание дорог в границах поселения, поддержание дорожного полотна в работоспособном состоянии" | B56: 04 | C56: 09 | D56: 13 | E56: 0 | F56: 01 | I56: =I57 -> 261.2 | J56: =J57 -> 126.2 | K56: =K57 -> 126.2
A57: ='Приложение 2'!A57 -> Иные межбюджетные трансферты на осуществление полномочий по дорожной деятельности в отношении автомобильных дорог местного значения в границах населенных пунктов поселения и обеспечению безопасности дорожного движения на них, включая создание и обеспечение функционирования парковок (парковочных мест), осуществлению муниципального контроля на автомобильном транспорте, городском наземном электрическом транспорте и в дорожном хозяйстве в границах населенных пунктов поселения, организации дорожного движения, а также осуществлению иных полномочий в области использования автомобильных дорог и осуществления дорожной деятельности в соответствии с законодательством Российской Федерации | B57: 04 | C57: 09 | D57: 13 | E57: 0 | F57: 01 | G57: 44102 | I57: =I58 -> 261.2 | J57: =J58 -> 126.2 | K57: =K58 -> 126.2
A58: Закупка товаров, работ и услуг для обеспечения государственных (муниципальных) нужд | B58: 04 | C58: 09 | D58: 13 | E58: 0 | F58: 01 | G58: 44102 | H58: 200 | I58: =I59 -> 261.2 | J58: =J59 -> 126.2 | K58: =K59 -> 126.2
A59: Иные закупки товаров, работ и услуг для обеспечения государственных (муниципальных) нужд | B59: 04 | C59: 09 | D59: 13 | E59: 0 | F59: 01 | G59: 44102 | H59: 240 | I59: ='Приложение 2'!J59 -> 261.2 | J59: ='Приложение 2'!L59 -> 126.2 | K59: ='Приложение 2'!L59 -> 126.2
A60: Жилищно-коммунальное хозяйство | B60: 05 | I60: =I67+I61 -> 112.8 | J60: =J67 -> 150 | K60: =K67 -> 177.8
A61: ='Приложение 2'!A61 -> Коммунальное хозяйства | B61: 05 | C61: 02 | I61: =I62 -> 36
A62: ='Приложение 2'!A62 -> Непрограммные расходы главных распорядителей средств бюджета Константиновского сельского поселения Ромодановского муниципального района Республики Мордовия | B62: 05 | C62: 02 | D62: 89 | I62: =I63 -> 36
A63: ='Приложение 2'!A63 -> Непрограммные расходы в рамках обеспечения деятельности главных распорядителей средств бюджета Константиновского сельского поселения Ромодановского муниципального района Республики Мордовия | B63: 05 | C63: 02 | D63: 89 | E63: 1 | I63: =I64 -> 36
A64: ='Приложение 2'!A64 -> Оформление прав собственности на бесхозяйные объекты инженерной инфраструктуры | B64: 05 | C64: 02 | D64: 89 | E64: 1 | F64: 00 | G64: S6140 | I64: =I65 -> 36
A65: ='Приложение 2'!A65 -> Закупка товаров, работ и услуг для обеспечения государственных (муниципальных) нужд | B65: 05 | C65: 02 | D65: 89 | E65: 1 | F65: 00 | G65: S6140 | H65: 200 | I65: =I66 -> 36
A66: ='Приложение 2'!A66 -> Иные закупки товаров, работ и услуг для обеспечения государственных (муниципальных) нужд | B66: 05 | C66: 02 | D66: 89 | E66: 1 | F66: 00 | G66: S6140 | H66: 240 | I66: ='Приложение 2'!J66 -> 36
A67: Благоустройство | B67: 05 | C67: 03 | I67: =I68 -> 76.8 | J67: =J68 -> 150 | K67: =K68 -> 177.8
A68: ='Приложение 2'!A68 -> Муниципальная программа "Комплексного развития социальной инфраструктуры Константиновского сельского поселения Ромодановского муниципального района Республики Мордовия на 2018-2030 года" | B68: 05 | C68: 03 | D68: 10 | I68: =I69+I73 -> 76.8 | J68: =J69+J73 -> 150 | K68: =K69+K73 -> 177.8
A69: Основное мероприятия "Благоустройство территории"" | B69: 05 | C69: 03 | D69: 10 | E69: 0 | F69: 07 | I69: =I70 -> 76.8 | J69: =J70 -> 100 | K69: =K70 -> 127.8
A70: ='Приложение 2'!A70 -> Прочие мероприятия по благоустройству | B70: 05 | C70: 03 | D70: 10 | E70: 0 | F70: 07 | G70: 43040 | I70: =I71 -> 76.8 | J70: =J71 -> 100 | K70: =K71 -> 127.8
A71: Закупка товаров, работ и услуг для обеспечения государственных (муниципальных) нужд | B71: 05 | C71: 03 | D71: 10 | E71: 0 | F71: 07 | G71: 43040 | H71: 200 | I71: =I72 -> 76.8 | J71: =J72 -> 100 | K71: =K72 -> 127.8
A72: Иные закупки товаров, работ и услуг для обеспечения государственных (муниципальных) нужд | B72: 05 | C72: 03 | D72: 10 | E72: 0 | F72: 07 | G72: 43040 | H72: 240 | I72: ='Приложение 2'!J72 -> 76.8 | J72: 100 | K72: ='Приложение 2'!L72 -> 127.8
A73: ='Приложение 2'!A73 -> Основное мероприятие "Освещение территории сельского поселения" | B73: 05 | C73: 03 | D73: 10 | E73: 0 | F73: 08 | I73: =I74 -> 0 | J73: =J74 -> 50 | K73: =K74 -> 50
A74: ='Приложение 2'!A74 -> Уличное освещение | B74: 05 | C74: 03 | D74: 10 | E74: 0 | F74: 08 | G74: 43010 | I74: =I75 -> 0 | J74: =J75 -> 50 | K74: =K75 -> 50
A75: Закупка товаров, работ и услуг для обеспечения государственных (муниципальных) нужд | B75: 05 | C75: 03 | D75: 10 | E75: 0 | F75: 08 | G75: 43010 | H75: 200 | I75: =I76 -> 0 | J75: =J76 -> 50 | K75: =K76 -> 50
A76: Иные закупки товаров, работ и услуг для обеспечения государственных (муниципальных) нужд | B76: 05 | C76: 03 | D76: 10 | E76: 0 | F76: 08 | G76: 43010 | H76: 240 | I76: ='Приложение 2'!J76 -> 0 | J76: ='Приложение 2'!K76 -> 50 | K76: ='Приложение 2'!L76 -> 50
A77: Социальная политика | B77: 10 | I77: =I78 -> 44.9 | J77: =J78 -> 42.9 | K77: =K78 -> 42.9
A78: Пенсионное обеспечение | B78: 10 | C78: 01 | I78: =I79 -> 44.9 | J78: =J79 -> 42.9 | K78: =K79 -> 42.9
A79: Непрограммные расходы главных распорядителей средств бюджета Константиновского сельского поселения Ромодановского муниципального района Республики Мордовия | B79: 10 | C79: 01 | D79: 89 | I79: =I80 -> 44.9 | J79: =J80 -> 42.9 | K79: =K80 -> 42.9
A80: Непрограммные расходы в рамках обеспечения деятельности главных распорядителей средств бюджета Константиновского сельского поселения Ромодановского муниципального района Республики Мордовия | B80: 10 | C80: 01 | D80: 89 | E80: 1 | I80: =I81 -> 44.9 | J80: =J81 -> 42.9 | K80: =K81 -> 42.9
A81: Доплаты к пенсиям муниципальных служащих Республики Мордовия | B81: 10 | C81: 01 | D81: 89 | E81: 1 | F81: 00 | G81: 03010 | I81: =I82 -> 44.9 | J81: =J82 -> 42.9 | K81: =K82 -> 42.9
A82: Социальное обеспечение и иные выплаты населению | B82: 10 | C82: 01 | D82: 89 | E82: 1 | F82: 00 | G82: 03010 | H82: 300 | I82: =I83 -> 44.9 | J82: =J83 -> 42.9 | K82: =K83 -> 42.9
A83: Публичные нормативные социальные выплаты гражданам | B83: 10 | C83: 01 | D83: 89 | E83: 1 | F83: 00 | G83: 03010 | H83: 310 | I83: ='Приложение 2'!J83 -> 44.9 | J83: ='Приложение 2'!K83 -> 42.9 | K83: ='Приложение 2'!L83 -> 42.9
A84: ='Приложение 2'!A84 -> Обслуживание государственного (муниципального)долга | B84: 13 | I84: =I85 -> 1.2 | J84: =J85 -> 1.2 | K84: =K85 -> 1.2
A85: ='Приложение 2'!A85 -> Обслуживание государственного (муниципального) внутреннего долга | B85: 13 | C85: 01 | I85: =I86 -> 1.2 | J85: =J86 -> 1.2 | K85: =K86 -> 1.2
A86: ='Приложение 2'!A86 -> Непрограммные расходы главных распорядителей средств бюджета Константиновского сельского поселения Ромодановского муниципального района Республики Мордовия | B86: 13 | C86: 01 | D86: 89 | I86: =I87 -> 1.2 | J86: =J87 -> 1.2 | K86: =K87 -> 1.2
A87: ='Приложение 2'!A87 -> Непрограммные расходы в рамках обеспечения деятельности главных распорядителей средств бюджета Константиновского сельского поселения Ромодановского муниципального района Республики Мордовия | B87: 13 | C87: 01 | D87: 89 | E87: 1 | I87: =I88 -> 1.2 | J87: =J88 -> 1.2 | K87: =K88 -> 1.2
A88: ='Приложение 2'!A88 -> Процентные платежи по муниципальному долгу | B88: 13 | C88: 01 | D88: 89 | E88: 1 | F88: 00 | G88: 41240 | I88: =I89 -> 1.2 | J88: =J89 -> 1.2 | K88: =K89 -> 1.2
A89: ='Приложение 2'!A89 -> Обслуживание государственного (муниципального) долга | B89: 13 | C89: 01 | D89: 89 | E89: 1 | F89: 00 | G89: 41240 | H89: 700 | I89: =I90 -> 1.2 | J89: =J90 -> 1.2 | K89: =K90 -> 1.2
A90: ='Приложение 2'!A90 -> Обслуживание муниципального долга | B90: 13 | C90: 01 | D90: 89 | E90: 1 | F90: 00 | G90: 41240 | H90: 730 | I90: ='Приложение 2'!J90 -> 1.2 | J90: ='Приложение 2'!K90 -> 1.2 | K90: ='Приложение 2'!L90 -> 1.2
A91: ='Приложение 2'!A91 -> Условно утвержденные расходы | B91: 99 | J91: =J92 -> 29.5 | K91: ='Приложение 2'!L91 -> 60.4
A92: ='Приложение 2'!A92 -> Условно утвержденные расходы | B92: 99 | C92: 99 | J92: ='Приложение 2'!K92 -> 29.5 | K92: ='Приложение 2'!L92 -> 60.4
A93: ='Приложение 2'!A10 -> Обеспечение деятельности Администрации Константиновского сельского поселения Ромодановского муниципального района Республики Мордовия | B93: 99 | C93: 99 | D93: 65 | J93: ='Приложение 2'!K93 -> 29.5 | K93: ='Приложение 2'!L93 -> 60.4
A94: ='Приложение 2'!A94 -> Высшее должностное лицо | B94: 99 | C94: 99 | D94: 65 | E94: 1 | J94: ='Приложение 2'!K94 -> 29.5 | K94: ='Приложение 2'!L94 -> 60.4
A95: ='Приложение 2'!A95 -> Условно утвержденные расходы | B95: 99 | C95: 99 | D95: 65 | E95: 1 | F95: 00 | G95: 41990 | J95: ='Приложение 2'!K95 -> 29.5 | K95: ='Приложение 2'!L95 -> 60.4
A96: ='Приложение 2'!A96 -> Иные бюджетные ассигнования | B96: 99 | C96: 99 | D96: 65 | E96: 1 | F96: 00 | G96: 41990 | H96: 800 | J96: ='Приложение 2'!K96 -> 29.5 | K96: ='Приложение 2'!L96 -> 60.4
A97: ='Приложение 2'!A97 -> Резервные средства | B97: 99 | C97: 99 | D97: 65 | E97: 1 | F97: 00 | G97: 41990 | H97: 870 | J97: ='Приложение 2'!K97 -> 29.5 | K97: ='Приложение 2'!L97 -> 60.4

Sheet Приложение4 
I1: Приложение 4 к решению Совета депутатов Константиновского сельского поселения Ромодановского муниципального района Республики Мордовия «О внесении изменений в решение Совета депутатов Константиновского сельского поселения Ромодановского муниципального района Республики Мордовия от 26 декабря 2023 г № 19 «О бюджете Константиновского сельского поселения Ромодановского муниципального района Республики Мордовия на 2024 год и на плановый период 2025 и 2026 годов» Приложение 5 к решению Совета депутатов Константиновского сельского поселения Ромодановского муниципального района Республики Мордовия «О бюджете Константиновского сельского поселения Ромодановского муниципального района Республики Мордовия на 2024 год и на плановый период 2025 и 2026 годов»
A2: РАСПРЕДЕЛЕНИЕ БЮДЖЕТНЫХ АССИГНОВАНИЙ БЮДЖЕТА КОНСТАНТИНОВСКОГО СЕЛЬСКОГО ПОСЕЛЕНИЯ РОМОДАНОВСКОГО МУНИЦИПАЛЬНОГО РАЙОНА РЕСПУБЛИКИ МОРДОВИЯ ПО ЦЕЛЕВЫМ СТАТЬЯМ (МУНИЦИПАЛЬНЫМ ПРОГРАММАМ И НЕПРОГРАММНЫМ НАПРАВЛЕНИЯМ ДЕЯТЕЛЬНОСТИ), ГРУППАМ И ПОДГРУППАМ ВИДОВ РАСХОДОВ, РАЗДЕЛАМ И ПОДРАЗДЕЛАМ КЛАССИФИКАЦИИ РАСХОДОВ БЮДЖЕТОВ НА 2024 ГОД И НА ПЛАНОВЫЙ ПЕРИОД 2025 И 2026 ГОДОВ
I3: (тыс. рублей)
A4: Наименование | B4: Цср | F4: ВР | G4: Рз | H4: Прз | I4: Адм | J4: Сумма
J5: 2024 год | K5: 2025 год | L5: 2026 год
A6: 1 | B6: 2 | C6: 3 | D6: 4 | E6: 5 | F6: 6 | G6: 7 | H6: 8 | I6: 9 | J6: 10 | K6: 11 | L6: 12
A7: ВСЕГО | J7: =J8+J23+J31+J45+J77 -> 1845.5 | K7: =K8+K23+K31+K45+K77 -> 1277.8 | L7: =L8+L23+L31+L45+L77 -> 1307.5
A8: ='Приложение 3'!A68 -> Муниципальная программа "Комплексного развития социальной инфраструктуры Константиновского сельского поселения Ромодановского муниципального района Республики Мордовия на 2018-2030 года" | B8: 10 | J8: =J9+J16 -> 76.8 | K8: =K9+K16 -> 150 | L8: =L9+L16 -> 177.8
A9: Основное мероприятия "Благоустройство территории"" | B9: 10 | C9: 0 | D9: 07 | J9: =J10 -> 76.8 | K9: =K10 -> 100 | L9: =L10 -> 127.8
A10: ='Приложение 2'!A70 -> Прочие мероприятия по благоустройству | B10: 10 | C10: 0 | D10: 07 | E10: 43040 | J10: =J11 -> 76.8 | K10: =K11 -> 100 | L10: =L11 -> 127.8
A11: Закупка товаров, работ и услуг для обеспечения государственных (муниципальных) нужд | B11: 10 | C11: 0 | D11: 07 | E11: 43040 | F11: 200 | J11: =J12 -> 76.8 | K11: =K12 -> 100 | L11: =L12 -> 127.8
A12: Иные закупки товаров, работ и услуг для обеспечения государственных (муниципальных) нужд | B12: 10 | C12: 0 | D12: 07 | E12: 43040 | F12: 240 | J12: =J13 -> 76.8 | K12: ='Приложение 2'!K72 -> 100 | L12: =L13 -> 127.8
A13: Жилищно-коммунальное хозяйство | B13: 10 | C13: 0 | D13: 07 | E13: 43040 | F13: 240 | G13: 05 | J13: =J14 -> 76.8 | K13: =K14 -> 100 | L13: =L14 -> 127.8
A14: Благоустройство | B14: 10 | C14: 0 | D14: 07 | E14: 43040 | F14: 240 | G14: 05 | H14: 03 | J14: =J15 -> 76.8 | K14: =K15 -> 100 | L14: =L15 -> 127.8
A15: Администрация Константиновского сельского поселения Ромодановского муниципального района Республики Мордовия | B15: 10 | C15: 0 | D15: 07 | E15: 43040 | F15: 240 | G15: 05 | H15: 03 | I15: 914 | J15: ='Приложение 2'!J72 -> 76.8 | K15: ='Приложение 2'!K72 -> 100 | L15: ='Приложение 2'!L72 -> 127.8
A16: ='Приложение 2'!A73 -> Основное мероприятие "Освещение территории сельского поселения" | B16: 10 | C16: 0 | D16: 08 | J16: =J17 -> 0 | K16: =K17 -> 50 | L16: =L17 -> 50
A17: ='Приложение 2'!A74 -> Уличное освещение | B17: 10 | C17: 0 | D17: 08 | E17: 43010 | J17: =J18 -> 0 | K17: =K18 -> 50 | L17: =L18 -> 50
A18: Закупка товаров, работ и услуг для обеспечения государственных (муниципальных) нужд | B18: 10 | C18: 0 | D18: 08 | E18: 43010 | F18: 200 | J18: =J19 -> 0 | K18: =K19 -> 50 | L18: =L19 -> 50
A19: Иные закупки товаров, работ и услуг для обеспечения государственных (муниципальных) нужд | B19: 10 | C19: 0 | D19: 08 | E19: 43010 | F19: 240 | J19: =J20 -> 0 | K19: =K20 -> 50 | L19: =L20 -> 50
A20: Жилищно-коммунальное хозяйство | B20: 10 | C20: 0 | D20: 08 | E20: 43010 | F20: 240 | G20: 05 | J20: =J21 -> 0 | K20: =K21 -> 50 | L20: =L21 -> 50
A21: Благоустройство | B21: 10 | C21: 0 | D21: 08 | E21: 43010 | F21: 240 | G21: 05 | H21: 03 | J21: =J22 -> 0 | K21: =K22 -> 50 | L21: =L22 -> 50
A22: Администрация Константиновского сельского поселения Ромодановского муниципального района Республики Мордовия | B22: 10 | C22: 0 | D22: 08 | E22: 43010 | F22: 240 | G22: 05 | H22: 03 | I22: 914 | J22: ='Приложение 2'!J76 -> 0 | K22: ='Приложение 2'!K76 -> 50 | L22: ='Приложение 2'!L76 -> 50
A23: ='Приложение 2'!A55 -> Муниципальная программа «Комплексного развития транспортной инфраструктуры Константиновского сельского поселения Ромодановского муниципального района Республики Мордовия на 2017- 2027 года" | B23: 13 | J23: =J24 -> 261.2 | K23: =K24 -> 126.2 | L23: =L24 -> 126.2
A24: Основное мероприятие "Ремонт и содержание дорог в границах поселения, поддержание дорожного полотна в работоспособном состоянии" | B24: 13 | C24: 0 | D24: 01 | J24: =J25 -> 261.2 | K24: =K25 -> 126.2 | L24: =L25 -> 126.2
A25: ='Приложение 2'!A57 -> Иные межбюджетные трансферты на осуществление полномочий по дорожной деятельности в отношении автомобильных дорог местного значения в границах населенных пунктов поселения и обеспечению безопасности дорожного движения на них, включая создание и обеспечение функционирования парковок (парковочных мест), осуществлению муниципального контроля на автомобильном транспорте, городском наземном электрическом транспорте и в дорожном хозяйстве в границах населенных пунктов поселения, организации дорожного движения, а также осуществлению иных полномочий в области использования автомобильных дорог и осуществления дорожной деятельности в соответствии с законодательством Российской Федерации | B25: 13 | C25: 0 | D25: 01 | E25: 44102 | J25: =J26 -> 261.2 | K25: =K26 -> 126.2 | L25: =L26 -> 126.2
A26: Закупка товаров, работ и услуг для обеспечения государственных (муниципальных) нужд | B26: 13 | C26: 0 | D26: 01 | E26: 44102 | F26: 200 | J26: =J27 -> 261.2 | K26: =K27 -> 126.2 | L26: =L27 -> 126.2
A27: Иные закупки товаров, работ и услуг для обеспечения государственных (муниципальных) нужд | B27: 13 | C27: 0 | D27: 01 | E27: 44102 | F27: 240 | J27: =J28 -> 261.2 | K27: =K28 -> 126.2 | L27: =L28 -> 126.2
A28: Национальная экономика | B28: 13 | C28: 0 | D28: 01 | E28: 44102 | F28: 240 | G28: 04 | J28: =J29 -> 261.2 | K28: =K29 -> 126.2 | L28: =L29 -> 126.2
A29: ='Приложение 2'!A54 -> Дорожное хозяйство (дорожные фонды) | B29: 13 | C29: 0 | D29: 01 | E29: 44102 | F29: 240 | G29: 04 | H29: 09 | J29: =J30 -> 261.2 | K29: =K30 -> 126.2 | L29: =L30 -> 126.2
A30: Администрация Константиновского сельского поселения Ромодановского муниципального района Республики Мордовия | B30: 13 | C30: 0 | D30: 01 | E30: 44102 | F30: 240 | G30: 04 | H30: 09 | I30: 914 | J30: ='Приложение 2'!J59 -> 261.2 | K30: ='Приложение 2'!K59 -> 126.2 | L30: ='Приложение 2'!L59 -> 126.2
A31: ='Приложение 2'!A45 -> Государственная программа повышения эффективности управления государственными финансами в Республики Мордовия | B31: 17 | J31: =J32 -> 132.1 | K31: =K32 -> 145.7 | L31: =L32 -> 159.8
A32: Подпрограмма "Повышения эффективности межбюджетных отношений" | B32: 17 | C32: 3 | J32: =J33 -> 132.1 | K32: =K33 -> 145.7 | L32: =L33 -> 159.8
A33: Основное мероприятие "Обеспечение и осуществления органами местного самоуправления отдельных государственных полномочий" | B33: 17 | C33: 3 | D33: 02 | J33: =J34 -> 132.1 | K33: =K34 -> 145.7 | L33: =L34 -> 159.8
A34: ='Приложение 2'!A48 -> Осуществление государственных полномочий Российской Федерации по воинскому учету в поселениях, на территориях которых отсутствуют структурные подразделения военных комиссариатов | B34: 17 | C34: 3 | D34: 02 | E34: 51180 | J34: =J40+J35 -> 132.1 | K34: =K40+K35 -> 145.7 | L34: =L40+L35 -> 159.8
A35: Расходы на выплаты персоналу в целях обеспечения выполнения функций государственными (муниципальными) органами, казенными учреждениями, органами управления государственными внебюджетными фондами | B35: 17 | C35: 3 | D35: 02 | E35: 51180 | F35: 100 | J35: =J36 -> 127.1 | K35: =K36 -> 140.7 | L35: =L36 -> 154.8
A36: Расходы на выплаты персоналу государственных (муниципальных) органов | B36: 17 | C36: 3 | D36: 02 | E36: 51180 | F36: 120 | J36: =J37 -> 127.1 | K36: =K37 -> 140.7 | L36: =L37 -> 154.8
A37: Национальная оборона | B37: 17 | C37: 3 | D37: 02 | E37: 51180 | F37: 120 | G37: 02 | J37: =J38 -> 127.1 | K37: =K38 -> 140.7 | L37: =L38 -> 154.8
A38: Мобилизационная и вневойсковая подготовка | B38: 17 | C38: 3 | D38: 02 | E38: 51180 | F38: 120 | G38: 02 | H38: 03 | J38: =J39 -> 127.1 | K38: =K39 -> 140.7 | L38: =L39 -> 154.8
A39: Администрация Константиновского сельского поселения Ромодановского муниципального района Республики Мордовия | B39: 17 | C39: 3 | D39: 02 | E39: 51180 | F39: 120 | G39: 02 | H39: 03 | I39: 914 | J39: ='Приложение 2'!J50 -> 127.1 | K39: ='Приложение 2'!K50 -> 140.7 | L39: ='Приложение 2'!L50 -> 154.8
A40: Закупка товаров, работ и услуг для обеспечения государственных (муниципальных) нужд | B40: 17 | C40: 3 | D40: 02 | E40: 51180 | F40: 200 | J40: =J41 -> 5 | K40: =K41 -> 5 | L40: =L41 -> 5
A41: Иные закупки товаров, работ и услуг для обеспечения государственных (муниципальных) нужд | B41: 17 | C41: 3 | D41: 02 | E41: 51180 | F41: 240 | J41: =J42 -> 5 | K41: =K42 -> 5 | L41: =L42 -> 5
A42: Национальная оборона | B42: 17 | C42: 3 | D42: 02 | E42: 51180 | F42: 240 | G42: 02 | J42: =J43 -> 5 | K42: =K43 -> 5 | L42: =L43 -> 5
A43: Мобилизация и вневойсковая подготовка | B43: 17 | C43: 3 | D43: 02 | E43: 51180 | F43: 240 | G43: 02 | H43: 03 | J43: =J44 -> 5 | K43: =K44 -> 5 | L43: =L44 -> 5
A44: Администрация Константиновского сельского поселения Ромодановского муниципального района Республики Мордовия | B44: 17 | C44: 3 | D44: 02 | E44: 51180 | F44: 240 | G44: 02 | H44: 03 | I44: 914 | J44: ='Приложение 2'!J52 -> 5 | K44: ='Приложение 2'!K52 -> 5 | L44: ='Приложение 2'!L52 -> 5
A45: ='Приложение 2'!A10 -> Обеспечение деятельности Администрации Константиновского сельского поселения Ромодановского муниципального района Республики Мордовия | B45: 65 | J45: =J46+J59 -> 1273 | K45: =K46+K59 -> 806.4 | L45: =L46+L59 -> 794.2
A46: Высшее должностное лицо | B46: 65 | C46: 1 | J46: =J47 -> 522.5 | K46: =K47+K53 -> 369 | L46: =L47 -> 369
A47: Расходы на выплаты по оплате труда высшего должностного лица | B47: 65 | C47: 1 | D47: 00 | E47: 41150 | J47: =J48 -> 522.5 | K47: =K48 -> 339.5 | L47: =L48+L53 -> 369
A48: Расходы на выплаты персоналу в целях обеспечения выполнения функций государственными (муниципальными) органами, казенными учреждениями, органами управления государственными внебюджетными фондами | B48: 65 | C48: 1 | D48: 00 | E48: 41150 | F48: 100 | J48: =J49 -> 522.5 | K48: =K49 -> 339.5 | L48: =L49 -> 308.6
A49: Расходы на выплаты персоналу государственных (муниципальных) органов | B49: 65 | C49: 1 | D49: 00 | E49: 41150 | F49: 120 | J49: =J50 -> 522.5 | K49: =K50 -> 339.5 | L49: =L50 -> 308.6
A50: Общегосударственные вопросы | B50: 65 | C50: 1 | D50: 00 | E50: 41150 | F50: 120 | G50: 01 | J50: =J51 -> 522.5 | K50: =K51 -> 339.5 | L50: =L51 -> 308.6
A51: Функционирование высшего должностного лица субъекта Российской Федерации и муниципального образования | B51: 65 | C51: 1 | D51: 00 | E51: 41150 | F51: 120 | G51: 01 | H51: 02 | J51: =J52 -> 522.5 | K51: =K52 -> 339.5 | L51: =L52 -> 308.6
A52: Администрация Константиновского сельского поселения Ромодановского муниципального района Республики Мордовия | B52: 65 | C52: 1 | D52: 00 | E52: 41150 | F52: 120 | G52: 01 | H52: 02 | I52: 914 | J52: ='Приложение 2'!J14 -> 522.5 | K52: ='Приложение 2'!K14 -> 339.5 | L52: ='Приложение 2'!L14 -> 308.6
A53: ='Приложение 3'!A95 -> Условно утвержденные расходы | B53: 65 | C53: 1 | D53: 00 | E53: 41990 | K53: =K54 -> 29.5 | L53: =L54 -> 60.4
A54: ='Приложение 3'!A96 -> Иные бюджетные ассигнования | B54: 65 | C54: 1 | D54: 00 | E54: 41990 | F54: 800 | K54: =K55 -> 29.5 | L54: =L55 -> 60.4
A55: ='Приложение 3'!A97 -> Резервные средства | B55: 65 | C55: 1 | D55: 00 | E55: 41990 | F55: 870 | K55: =K56 -> 29.5 | L55: =L56 -> 60.4
A56: ='Приложение 3'!A91 -> Условно утвержденные расходы | B56: 65 | C56: 1 | D56: 00 | E56: 41990 | F56: 870 | G56: 99 | K56: =K57 -> 29.5 | L56: =L57 -> 60.4
A57: =A56 -> Условно утвержденные расходы | B57: 65 | C57: 1 | D57: 00 | E57: 41990 | F57: 870 | G57: 99 | H57: 99 | K57: =K58 -> 29.5 | L57: =L58 -> 60.4
A58: Администрация Константиновского сельского поселения Ромодановского муниципального района Республики Мордовия | B58: 65 | C58: 1 | D58: 00 | E58: 41990 | F58: 870 | G58: 99 | H58: 99 | I58: 914 | K58: ='Приложение 3'!J97 -> 29.5 | L58: ='Приложение 3'!K97 -> 60.4
A59: ='Приложение 2'!A17 -> Расходы в рамках обеспечения деятельности Администрации Константиновского сельского поселения | B59: 65 | C59: 2 | J59: =J60+J66 -> 750.5 | K59: =K60+K66 -> 437.4 | L59: =L60+L66 -> 425.2
A60: ='Приложение 2'!A18 -> Расходы на выплаты по оплате труда работников органов местного самоуправления | B60: 65 | C60: 2 | D60: 00 | E60: 41100 | J60: =J61 -> 366.6 | K60: =K61 -> 299 | L60: =L61 -> 299
A61: ='Приложение 2'!A19 -> Расходы на выплаты персоналу в целях обеспечения выполнения функций государственными (муниципальными) органами, казенными учреждениями, органами управления государственными внебюджетными фондами | B61: 65 | C61: 2 | D61: 00 | E61: 41100 | F61: 100 | J61: =J62 -> 366.6 | K61: =K62 -> 299 | L61: =L62 -> 299
A62: ='Приложение 2'!A20 -> Расходы на выплаты персоналу государственных (муниципальных) органов | B62: 65 | C62: 2 | D62: 00 | E62: 41100 | F62: 120 | J62: =J63 -> 366.6 | K62: =K63 -> 299 | L62: =L63 -> 299
A63: =A69 -> Общегосударственные вопросы | B63: 65 | C63: 2 | D63: 00 | E63: 41100 | F63: 120 | G63: 01 | J63: =J64 -> 366.6 | K63: =K64 -> 299 | L63: =L64 -> 299
A64: =A70 -> Функционирование Правительства Российской Федерации, высших исполнительных органов государственной власти субъектов Российской Федерации, местных администраций | B64: 65 | C64: 2 | D64: 00 | E64: 41100 | F64: 120 | G64: 01 | H64: 04 | J64: =J65 -> 366.6 | K64: =K65 -> 299 | L64: =L65 -> 299
A65: =A71 -> Администрация Константиновского сельского поселения Ромодановского муниципального района Республики Мордовия | B65: 65 | C65: 2 | D65: 00 | E65: 41100 | F65: 120 | G65: 01 | H65: 04 | I65: 914 | J65: ='Приложение 2'!J20 -> 366.6 | K65: ='Приложение 2'!K19 -> 299 | L65: ='Приложение 2'!L20 -> 299
A66: ='Приложение 2'!A21 -> Расходы на обеспечение функций органов местного самоуправления | B66: 65 | C66: 2 | D66: 00 | E66: 41120 | J66: =J67+J72 -> 383.9 | K66: =K67+K72 -> 138.4 | L66: =L67+L72 -> 126.2
A67: Закупка товаров, работ и услуг для обеспечения государственных (муниципальных) нужд | B67: 65 | C67: 2 | D67: 00 | E67: 41120 | F67: 200 | J67: =J68 -> 378.9 | K67: =K68 -> 133.4 | L67: =L68 -> 121.2
A68: Иные закупки товаров, работ и услуг для обеспечения государственных (муниципальных) нужд | B68: 65 | C68: 2 | D68: 00 | E68: 41120 | F68: 240 | J68: =J69 -> 378.9 | K68: =K69 -> 133.4 | L68: =L69 -> 121.2
A69: Общегосударственные вопросы | B69: 65 | C69: 2 | D69: 00 | E69: 41120 | F69: 240 | G69: 01 | J69: =J70 -> 378.9 | K69: =K70 -> 133.4 | L69: =L70 -> 121.2
A70: Функционирование Правительства Российской Федерации, высших исполнительных органов государственной власти субъектов Российской Федерации, местных администраций | B70: 65 | C70: 2 | D70: 00 | E70: 41120 | F70: 240 | G70: 01 | H70: 04 | J70: =J71 -> 378.9 | K70: =K71 -> 133.4 | L70: =L71 -> 121.2
A71: Администрация Константиновского сельского поселения Ромодановского муниципального района Республики Мордовия | B71: 65 | C71: 2 | D71: 00 | E71: 41120 | F71: 240 | G71: 01 | H71: 04 | I71: 914 | J71: ='Приложение 2'!J23 -> 378.9 | K71: ='Приложение 2'!K23 -> 133.4 | L71: ='Приложение 2'!L23 -> 121.2
A72: Иные бюджетные ассигнования | B72: 65 | C72: 2 | D72: 00 | E72: 41120 | F72: 800 | J72: =J73 -> 5 | K72: =K73 -> 5 | L72: =L73 -> 5
A73: Уплата налогов, сборов и иных платежей | B73: 65 | C73: 2 | D73: 00 | E73: 41120 | F73: 850 | J73: =J74 -> 5 | K73: =K74 -> 5 | L73: =L74 -> 5
A74: Общегосударственные вопросы | B74: 65 | C74: 2 | D74: 00 | E74: 41120 | F74: 850 | G74: 01 | J74: =J75 -> 5 | K74: =K75 -> 5 | L74: =L75 -> 5
A75: Функционирование Правительства Российской Федерации, высших исполнительных органов государственной власти субъектов Российской Федерации, местных администраций | B75: 65 | C75: 2 | D75: 00 | E75: 41120 | F75: 850 | G75: 01 | H75: 04 | J75: =J76 -> 5 | K75: =K76 -> 5 | L75: =L76 -> 5
A76: Администрация Константиновского сельского поселения Ромодановского муниципального района Республики Мордовия | B76: 65 | C76: 2 | D76: 00 | E76: 41120 | F76: 850 | G76: 01 | H76: 04 | I76: 914 | J76: ='Приложение 2'!J25 -> 5 | K76: ='Приложение 2'!K25 -> 5 | L76: ='Приложение 2'!L25 -> 5
A77: ='Приложение 2'!A79 -> Непрограммные расходы главных распорядителей средств бюджета Константиновского сельского поселения Ромодановского муниципального района Республики Мордовия | B77: 89 | J77: =J78 -> 102.4 | K77: =K78 -> 49.5 | L77: =L78 -> 49.5
A78: ='Приложение 2'!A80 -> Непрограммные расходы в рамках обеспечения деятельности главных распорядителей средств бюджета Константиновского сельского поселения Ромодановского муниципального района Республики Мордовия | B78: 89 | C78: 1 | J78: =J79+J91+J103+J97+J85+J109 -> 102.4 | K78: =K79+K91+K103+K97 -> 49.5 | L78: =L79+L91+L103+L97 -> 49.5
A79: ='Приложение 2'!A81 -> Доплаты к пенсиям муниципальных служащих Республики Мордовия | B79: 89 | C79: 1 | D79: 00 | E79: 03010 | J79: =J80 -> 44.9 | K79: =K80 -> 42.9 | L79: =L80 -> 42.9
A80: ='Приложение 2'!A82 -> Социальное обеспечение и иные выплаты населению | B80: 89 | C80: 1 | D80: 00 | E80: 03010 | F80: 300 | J80: =J81 -> 44.9 | K80: =K81 -> 42.9 | L80: =L81 -> 42.9
A81: ='Приложение 2'!A83 -> Публичные нормативные социальные выплаты гражданам | B81: 89 | C81: 1 | D81: 00 | E81: 03010 | F81: 310 | J81: =J82 -> 44.9 | K81: =K82 -> 42.9 | L81: =L82 -> 42.9
A82: ='Приложение 2'!A77 -> Социальная политика | B82: 89 | C82: 1 | D82: 00 | E82: 03010 | F82: 310 | G82: 10 | J82: =J84 -> 44.9 | K82: =K83 -> 42.9 | L82: =L83 -> 42.9
A83: ='Приложение 2'!A78 -> Пенсионное обеспечение | B83: 89 | C83: 1 | D83: 00 | E83: 03010 | F83: 310 | G83: 10 | H83: 01 | J83: =J84 -> 44.9 | K83: =K84 -> 42.9 | L83: =L84 -> 42.9
A84: =A76 -> Администрация Константиновского сельского поселения Ромодановского муниципального района Республики Мордовия | B84: 89 | C84: 1 | D84: 00 | E84: 03010 | F84: 310 | G84: 10 | H84: 01 | I84: 914 | J84: ='Приложение 2'!J83 -> 44.9 | K84: ='Приложение 2'!K83 -> 42.9 | L84: ='Приложение 2'!L83 -> 42.9
A85: ='Приложение 2'!A34 -> Проведение выборов депутатов Константиновского сельского поселения Ромодановского муниципального района Республики Мордовия | B85: 89 | C85: 1 | D85: 00 | E85: 41130 | J85: =J86 -> 15
A86: ='Приложение 2'!A35 -> Иные бюджетные ассигнования | B86: 89 | C86: 1 | D86: 00 | E86: 41130 | F86: 800 | J86: =J87 -> 15
A87: ='Приложение 2'!A36 -> Специальные расхода | B87: 89 | C87: 1 | D87: 00 | E87: 41130 | F87: 880 | J87: =J88 -> 15
A88: ='Приложение 2'!A31 -> Обеспечение проведения выборов и референдумов | B88: 89 | C88: 1 | D88: 00 | E88: 41130 | F88: 880 | G88: 07 | J88: =J89 -> 15
A89: ='Приложение 2'!A8 -> Общегосударственные вопросы | B89: 89 | C89: 1 | D89: 00 | E89: 41130 | F89: 880 | G89: 07 | H89: 01 | J89: =J90 -> 15
A90: =A84 -> Администрация Константиновского сельского поселения Ромодановского муниципального района Республики Мордовия | B90: 89 | C90: 1 | D90: 00 | E90: 41130 | F90: 880 | G90: 07 | H90: 01 | I90: 914 | J90: ='Приложение 2'!J36 -> 15
A91: ='Приложение 2'!A40 -> Резервный фонд администрации Константиновского сельского поселения Ромодановского муниципального района Республики Мордовия | B91: 89 | C91: 1 | D91: 00 | E91: 41180 | J91: =J92 -> 5 | K91: =K92 -> 5 | L91: =L92 -> 5
A92: ='Приложение 2'!A41 -> Иные бюджетные ассигнования | B92: 89 | C92: 1 | D92: 00 | E92: 41180 | F92: 800 | J92: =J93 -> 5 | K92: =K93 -> 5 | L92: =L93 -> 5
A93: ='Приложение 2'!A42 -> Резервные средства | B93: 89 | C93: 1 | D93: 00 | E93: 41180 | F93: 870 | J93: =J94 -> 5 | K93: =K94 -> 5 | L93: =L94 -> 5
A94: ='Приложение 2'!A8 -> Общегосударственные вопросы | B94: 89 | C94: 1 | D94: 00 | E94: 41180 | F94: 870 | G94: 01 | J94: =J95 -> 5 | K94: =K95 -> 5 | L94: =L95 -> 5
A95: ='Приложение 2'!A37 -> Резервные фонды | B95: 89 | C95: 1 | D95: 00 | E95: 41180 | F95: 870 | G95: 01 | H95: 11 | J95: =J96 -> 5 | K95: =K96 -> 5 | L95: =L96 -> 5
A96: =A84 -> Администрация Константиновского сельского поселения Ромодановского муниципального района Республики Мордовия | B96: 89 | C96: 1 | D96: 00 | E96: 41180 | F96: 870 | G96: 01 | H96: 11 | I96: 914 | J96: ='Приложение 2'!J42 -> 5 | K96: ='Приложение 2'!K42 -> 5 | L96: ='Приложение 2'!L42 -> 5
A97: ='Приложение 2'!A88 -> Процентные платежи по муниципальному долгу | B97: 89 | C97: 1 | D97: 00 | E97: 41240 | J97: =J98 -> 1.2 | K97: =K98 -> 1.2 | L97: =L98 -> 1.2
A98: ='Приложение 2'!A89 -> Обслуживание государственного (муниципального) долга | B98: 89 | C98: 1 | D98: 00 | E98: 41240 | F98: 700 | J98: =J99 -> 1.2 | K98: =K99 -> 1.2 | L98: =L99 -> 1.2
A99: ='Приложение 2'!A90 -> Обслуживание муниципального долга | B99: 89 | C99: 1 | D99: 00 | E99: 41240 | F99: 730 | J99: =J100 -> 1.2 | K99: =K100 -> 1.2 | L99: =L100 -> 1.2
A100: ='Приложение 2'!A8 -> Общегосударственные вопросы | B100: 89 | C100: 1 | D100: 00 | E100: 41240 | F100: 730 | G100: 01 | J100: =J101 -> 1.2 | K100: =K101 -> 1.2 | L100: =L101 -> 1.2
...

Sheet прил 5
C2: Приложение 5 к решению Совета депутатов Константиновского сельского поселения Ромодановского муниципального района Республики Мордовия «О внесении изменений в решение Совета депутатов Константиновского сельского поселения Ромодановского муниципального района Республики Мордовия от 26 декабря 2023 г № 19 «О бюджете Константиновского сельского поселения Ромодановского муниципального района Республики Мордовия на 2024 год и на плановый период 2025 и 2026 годов» Приложение 6 к решению Совета депутатов Константиновского сельского поселения Ромодановского муниципального района Республики Мордовия «О бюджете Константиновского сельского поселения Ромодановского муниципального района Республики Мордовия на 2024 год и на плановый период 2025 и 2026 годов»
A3: ИСТОЧНИКИ ВНУТРЕННЕГО ФИНАНСИРОВАНИЯ ДЕФИЦИТА БЮДЖЕТА КОНСТАНТИНОВСКОГО СЕЛЬСКОГО ПОСЕЛЕНИЯ РОМОДАНОВСКОГО МУНИЦИПАЛЬНОГО РАЙОНА РЕСПУБЛИКИ МОРДОВИЯ НА 2024 ГОД И НА ПЛАНОВЫЙ ПЕРИОД 2025 и 2026 ГОДОВ
A7: Код | B7: Наименование кода группы, подгруппы, статьи, вида источника финансирования дефицитов бюджетов, кода классификации операций сектора государственного управления, относящихся к источникам финансирования дефицитов бюджетов Российской Федерации | C7: Сумма (тыс. руб.)
C8: 2024 год | D8: 2025 год | E8: 2026 год
A9: 1 | B9: 2 | C9: 3 | D9: 4 | E9: 5
A10: 000 01 00 00 00 00 0000 000 | B10: ИСТОЧНИКИ ВНУТРЕННЕГО ФИНАНСИРОВАНИЯ ДЕФИЦИТОВ БЮДЖЕТОВ | C10: =C11+C22+C14+C18 -> 145.9 | D10: =D11+D22+D14+D18 -> -48.6 | E10: =E11+E22+E14+E18 -> -60.8
A11: 000 01 02 00 00 00 0000 000 | B11: Кредиты кредитных организаций в валюте Российской Федерации | C11: =SUM(C12) -> 0 | D11: =SUM(D12) -> 0 | E11: =SUM(E12) -> 0
A12: 000 01 02 00 00 00 0000 700 | B12: Привлечение кредитов от кредитных организаций в валюте Российской Федерации | C12: =SUM(C13) -> 0 | D12: =SUM(D13) -> 0 | E12: =SUM(E13) -> 0
A13: 000 01 02 00 00 05 0000 710 | B13: Привлечение кредитов от кредитных организаций бюджетами муниципальных районов в валюте Российской Федерации | C13: 0 | D13: 0 | E13: 0
A14: 000 01 03 00 00 00 0000 000 | B14: Бюджетные кредиты из других бюджетов бюджетной системы Российской Федерации | C14: =C15 -> 0 | D14: =D15 -> -48.6 | E14: =E15 -> -60.8
A15: 000 01 03 01 00 00 0000 000 | B15: Бюджетные кредиты из других бюджетов бюджетной системы Российской Федерации в валюте Российской Федерации | C15: =C16 -> 0 | D15: =D16 -> -48.6 | E15: =E16 -> -60.8
A16: 000 01 03 01 00 00 0000 800 | B16: Погашение бюджетных кредитов, полученных из других бюджетов бюджетной системы Российской Федерации в валюте Российской Федерации | C16: 0 | D16: =SUM(D17) -> -48.6 | E16: =SUM(E17) -> -60.8
A17: 000 01 03 01 00 10 0000 810 | B17: Погашение бюджетами сельских поселений кредитов из других бюджетов бюджетной системы Российской Федерации в валюте Российской Федерации | C17: 0 | D17: -48.6 | E17: -60.8
A18: 000 01 06 00 00 00 0000 000 | B18: Иные источники внутреннего финансирования дефицитов бюджетов | C18: =C19 -> 0 | D18: =D19 -> 0 | E18: =E19 -> 0
A19: 000 01 06 05 00 00 0000 000 | B19: Бюджетные кредиты, предоставленные внутри страны в валюте Российской Федерации | C19: =C20 -> 0 | D19: =D20 -> 0 | E19: =E20 -> 0
A20: 000 01 06 05 02 00 0000 600 | B20: Возврат бюджетных кредитов, предоставленных другим бюджетам бюджетной системы Российской Федерации в валюте Российской Федерации | C20: =C21 -> 0 | D20: =D21 -> 0 | E20: =E21 -> 0
A21: 000 01 06 05 02 05 0000 640 | B21: Возврат бюджетных кредитов, предоставленных другим бюджетам бюджетной системы Российской Федерации из бюджетов муниципальных районов в валюте Российской Федерации | C21: 0 | D21: 0 | E21: 0
A22: 000 01 05 00 00 00 0000 000 | B22: Изменения остатков средств на счетах по учету средств бюджета | C22: =C23+C26 -> 145.9 | D22: =D23+D26 -> 0 | E22: =E23+E26 -> 0
A23: 000 01 05 02 00 00 0000 500 | B23: Увеличение прочих остатков средств бюджетов | C23: =SUM(C24) -> -1699.6 | D23: =SUM(D24) -> -1326.4 | E23: =SUM(E24) -> -1368.3
A24: 000 01 05 02 01 00 0000 510 | B24: Увеличение прочих остатков денежных средств бюджетов | C24: =SUM(C25) -> -1699.6 | D24: =SUM(D25) -> -1326.4 | E24: =SUM(E25) -> -1368.3
A25: 000 01 05 02 01 10 0000 510 | B25: Увеличение прочих остатков денежных средств бюджетов сельских поселений | C25: -1699.6 | D25: -1326.4 | E25: -1368.3
A26: 000 01 05 02 00 00 0000 600 | B26: Уменьшение прочих остатков средств бюджетов | C26: =SUM(C27) -> 1845.5 | D26: =SUM(D27) -> 1326.4 | E26: =SUM(E27) -> 1368.3
A27: 000 01 05 02 01 00 0000 610 | B27: Уменьшение прочих остатков денежных средств бюджетов | C27: =SUM(C28) -> 1845.5 | D27: =SUM(D28) -> 1326.4 | E27: =SUM(E28) -> 1368.3
A28: 000 01 05 02 01 05 0000 610 | B28: Уменьшение прочих остатков денежных средств бюджетов муниципальных районов | C28: 1845.5 | D28: 1326.4 | E28: 1368.3
A29: 000 01 00 00 00 00 0000 000 | B29: Итого источников внутреннего финансирования дефицита бюджета Константиновского сельского поселения Ромодановского муниципального района Республики Мордовия | C29: 0 | D29: 0 | E29: 0
B30: собственные доходы | C30: 517.4 | D30: 490.5 | E30: 509.7
